 Dungeon Crawl Stone Soup version 0.30-a0-778-g2ef04afb54 (webtiles) character file.

Game seed: 8570325423931407500

1103 mopl the Magician (level 8, -12/52 HPs)
             Began as a Mummy Fire Elementalist on Feb 15, 2023.
             Shot with an arrow by a centaur (15 damage)
             ... on level 6 of the Dungeon.
             The game lasted 00:08:59 (5989 turns).

mopl the Magician (Mummy Fire Elementalist)         Turns: 5989, Time: 00:08:59

Health: -12/52     AC:  3    Str: 11    XL:     8   Next: 10%
Magic:  17/17      EV: 12    Int: 22    God:
Gold:   340        SH:  0    Dex: 13    Spells: 9/19 levels left

rFire   . . .      SeeInvis +    a - staff of fire
rCold   + . .      Faith    +    (no shield)
rNeg    + + +      Spirit   .    g - +0 robe
rPois   ∞          Reflect  .    (no helmet)
rElec   .          Harm     .    (no cloak)
rCorr   .          Rampage  .    (no gloves)
Will    +....                    f - +0 pair of boots
Stlth   ++                       (no amulet)
HPRegen 0.28/turn                h - ring of see invisible
MPRegen 0.15/turn                j - +6 ring of intelligence

@: no status effects
A: cold resistance 1, negative energy resistance 3, torment resistance 2, heat
vulnerability 1, in touch with death 1, no potions, faith
a: no special abilities


You were on level 6 of the Dungeon.
You visited 2 branches of the dungeon, and saw 7 of its levels.

You collected 340 gold pieces.

Inventory:

Hand Weapons
 b - a +0 dagger of draining
 r - a +2 dagger of venom
Missiles
 i - 5 javelins
 m - 8 poisoned darts
 u - 6 boomerangs
 v - a throwing net
Armour
 f - a +0 pair of boots (worn)
 g - a +0 robe (worn)
 s - the +1 leather armour of Boecuxt {rElec}
   (You found it on level 5 of the Dungeon)

   rElec:     It insulates you from electricity.
Magical Staves
 a - a staff of fire (weapon)
 c - a staff of death
 q - a staff of air
Jewellery
 h - a ring of see invisible (left hand)
 j - a +6 ring of intelligence (right hand)
Wands
 l - a wand of roots (8)
 n - a wand of mindburst (11)
 w - a wand of quicksilver (2)
Scrolls
 d - a scroll of enchant weapon
 e - 4 scrolls of teleportation
 k - 3 scrolls of vulnerability
 o - a scroll of magic mapping
 p - a scroll of fog
 t - a scroll of silence {!r}


   Skills:
 - Level 1.5 Dodging
 - Level 1.5 Stealth
 + Level 6.0 Spellcasting
 + Level 3.6 Conjurations
 - Level 3.0 Translocations
 + Level 4.4 Fire Magic
 + Level 3.0 Evocations


You had 9 spell levels left.
You knew the following spells:

 Your Spells              Type           Power      Damage    Failure   Level
a - Foxfire               Conj/Fire      100%       2x1d9     1%          1
b - Scorch                Fire           78%        2d8       2%          2
c - Kindle Blastsparks    Fire/Tloc/Air  52%        2d14      10%         3
d - Sticky Flame          Conj/Fire      36%        2d6       17%         4

Your spell library contained the following spells:

 Spells                   Type           Power      Damage    Failure   Level
 Inner Flame              Hex/Fire       24%        N/A       11%         3
 Ignite Poison            Fire/Tmut/Pois 19%        N/A       16%         3
 Flame Wave               Conj/Fire      36%        2d10      17%         4
 Ozocubu's Armour         Ice            6%         N/A       26%         3
 Ozocubu's Refrigeration  Ice            3%         4d8       100%        7
 Ignition                 Fire           19%        3d7       100%        8


Dungeon Overview and Level Annotations

Branches:
Dungeon (6/15)             Temple (1/1) D:4

Altars:
Ashenzari
Cheibriados
Dithmenos
Fedhas
Gozag
Hepliaklqana
Kikubaaqudgha
Nemelex Xobeh
Okawaru
Ru
Sif Muna
Trog
Uskayaw
Wu Jian
Xom

Annotations:
D:3 exclusion: ogre
D:4 bb
D:6 Maggie


Innate Abilities, Weirdness & Mutations

You are immune to poison.
Your flesh is cold resistant. (rC+)
You are immune to negative energy. (rN+++)
You are immune to unholy pain and torment.
You are vulnerable to heat. (rF-)
You are in touch with the powers of death.
You do not drink.
You have a special connection with the divine. (Faith)


Message History

The centaur shoots an arrow.
The arrow barely misses you.
You climb upwards.
There is a stone staircase leading down here.
You start resting.
HP restored.
You climb downwards.
Level annotation: Maggie The centaur shoots an arrow.
The arrow hits you.
There is a stone staircase leading up here.
You climb upwards.
There is a stone staircase leading down here.
You climb downwards.
Level annotation: Maggie The centaur shoots an arrow.
The arrow hits you.
The centaur shoots an arrow.
The arrow barely misses you.
There is a stone staircase leading up here.
The centaur shoots an arrow.
The arrow hits you!
You are electrocuted!
You climb upwards.
There is a stone staircase leading down here.
You start resting.
HP restored.
You climb downwards.
Level annotation: Maggie The centaur shoots an arrow.
The arrow closely misses you.
The centaur shoots an arrow.
The arrow closely misses you.
There is a stone staircase leading up here.
The centaur shoots an arrow.
The arrow hits you!
The centaur unwields a +2 shortbow of electrocution.
It stops crackling.
The centaur hits you. The centaur completely misses you.
The centaur wields a +2 shortbow of electrocution.
You hear the crackle of electricity.
The centaur shoots an arrow.
The arrow hits you!
You are electrocuted!!
The centaur shoots an arrow.
The arrow hits you!
* * * LOW HITPOINT WARNING * * *
The centaur shoots an arrow.
The arrow barely misses you.
There is a stone staircase leading up here.
The centaur shoots an arrow.
The arrow hits you!
* * * LOW HITPOINT WARNING * * *
You are electrocuted!
You die...

..###P..##......# #......###
.........#......# #........#
.......P...#.÷#####........#
#.._..##.###...............#
.......#.###...####........#
########..##.#.# #........#
...............# #........#
....#.......#######.<......#
.##.#.......# #@..........#
###.#.......# ##.##........#
###........## #....!....####
...........## #@c.......#
#####.......###.........# ##
#...................#
.####...................#
.............##.........#
......#...#.#...........#


You could see Maggie and a centaur.

Vanquished Creatures
  A water moccasin (D:5)
  An ice beast (D:6)
  A phantom (D:6)
  A kobold brigand (D:6)
  Blork the orc (D:6)
  A necrophage (D:5)
  2 scorpions
  3 hounds
  A gnoll bouda (D:6)
  A jelly (D:5)
  Jessica (D:3)
  Ijyb (D:4)
  An iguana (D:5)
  5 orc wizards
  4 adders
  2 gnolls (D:6)
  2 ufetubi (D:5)
  2 dart slugs
  A worm (D:5)
  11 orcs
  7 ball pythons
  5 bats
  5 endoplasms
  4 giant cockroaches
  6 goblins
  7 hobgoblins
  5 jackals
  9 kobolds
  5 quokkas
  A frilled lizard (D:1)
  5 rats
102 creatures vanquished.

Vanquished Creatures (others)
  27 foxfires
  4 plants (D:3)
  7 withered plants (D:6)
38 creatures vanquished.

Grand Total: 140 creatures vanquished

Notes
Turn   | Place    | Note
-------+----------+-------------------------------------------
     0 | D:1      | mopl the Mummy Fire Elementalist began the quest for the
                  | Orb.
     0 | D:1      | Reached XP level 1. HP: 13/13 MP: 4/4
    73 | D:1      | Reached skill level 1 in Conjurations
   147 | D:1      | Reached skill level 3 in Spellcasting
   148 | D:1      | Reached XP level 2. HP: 16/19 MP: 1/6
   245 | D:1      | Learned a level 2 spell: Scorch
   877 | D:2      | Gained mutation: You are in touch with the powers of death.
                  | [Mummy growth]
   877 | D:2      | Reached XP level 3. HP: 24/24 MP: 1/7
   938 | D:2      | Learned a level 3 spell: Kindle Blastsparks
  1654 | D:3      | Reached skill level 3 in Fire Magic
  1835 | D:3      | Noticed Jessica
  1843 | D:3      | Killed Jessica
  1844 | D:3      | Reached XP level 4. HP: 30/30 MP: 4/9
  2118 | D:3      | Noticed an ogre
  2148 | D:3      | Learned a level 4 spell: Sticky Flame
  2304 | D:3      | Found a blossoming altar of Fedhas.
  2515 | D:4      | Reached skill level 1 in Translocations
  2582 | D:4      | Noticed an orc warrior
  2641 | D:4      | Noticed Ijyb
  2708 | D:4      | Killed Ijyb
  2709 | D:4      | Reached skill level 4 in Spellcasting
  2709 | D:4      | Reached skill level 2 in Conjurations
  2709 | D:4      | Reached XP level 5. HP: 18/35 MP: 1/11
  2898 | D:4      | Reached skill level 1 in Evocations
  2901 | D:4      | Found a staircase to the Ecumenical Temple.
  2912 | Temple   | Entered the Ecumenical Temple
  3685 | D:4      | Reached XP level 6. HP: 17/41 MP: 2/12
  3973 | D:5      | Entered Level 5 of the Dungeon
  4182 | D:5      | Reached skill level 2 in Translocations
  4434 | D:5      | Identified the +1 leather armour of Boecuxt {rElec}
  4487 | D:5      | Noticed a water moccasin
  4868 | D:5      | Reached skill level 5 in Spellcasting
  4868 | D:5      | Reached skill level 2 in Evocations
  4868 | D:5      | Reached XP level 7. HP: 37/46 MP: 9/14
  5038 | D:5      | Reached skill level 3 in Conjurations
  5038 | D:5      | Reached skill level 4 in Fire Magic
  5123 | D:5      | Found a shadowy altar of Dithmenos.
  5389 | D:6      | Reached skill level 3 in Translocations
  5480 | D:6      | Found an ancient bone altar of Kikubaaqudgha.
  5531 | D:6      | Reached XP level 8. HP: 33/52 MP: 9/16
  5631 | D:6      | Found a shimmering altar of Xom.
  5632 | D:6      | Found a shimmering altar of Xom.
  5632 | D:6      | Found a shimmering altar of Xom.
  5633 | D:6      | Found a shimmering altar of Xom.
  5633 | D:6      | Found a shimmering altar of Xom.
  5636 | D:6      | Found a shimmering altar of Xom.
  5636 | D:6      | Found a shimmering altar of Xom.
  5665 | D:6      | Found a hide-covered altar of Uskayaw.
  5665 | D:6      | Noticed a +0 dagger
  5667 | D:6      | Noticed a +0 spear
  5667 | D:6      | Noticed a +0 short sword
  5668 | D:6      | Noticed a +0 spear
  5668 | D:6      | Noticed a +0 dagger
  5668 | D:6      | Noticed a +0 falchion
  5669 | D:6      | Noticed a +0 short sword
  5669 | D:6      | Noticed a +0 falchion
  5694 | D:6      | Noticed Blork the orc
  5700 | D:6      | Killed Blork the orc
  5701 | D:6      | Reached skill level 6 in Spellcasting
  5701 | D:6      | Reached skill level 3 in Evocations
  5748 | D:6      | Noticed Maggie
  5989 | D:6      | Shot with an arrow by a centaur

Illustrated notes

Levels and vault maps discovered:
D:1:      tarquinn_simple_flora_water_c, layout_loops_corners
D:2:      layout_rooms
D:3:      layout_basic, fedhas_altar_fruit_tree, hangedman_decor_growths,
          dk_noncrumbling_4, minmay_misc_feat_ornament, chequers_big_river,
          minmay_starry_boxes, uniq_jessica
D:4:      layout_cave_pools, minmay_temple_entry_statues_pillars,
          nicolae_nh_ransacked_shop, uniq_ijyb
D:5:      minmay_general_purpose_star, layout_loops_ring,
          mainiacjoe_overflow_brackets, serial_glass, glass_columns_c,
          glass_columns_b
D:6:      layout_rooms, xom_redecorated, yredelemnul_forgotten_temple_becter,
          kiku_gazebo_garden_becter, nicolae_uskayaw_en_pointe, uniq_maggie,
          uniq_blork_the_orc
Temple:   minmay_temple_forest_path

Skill      XL: |  1  2  3  4  5  6  7  8 |
---------------+-------------------------+-----
Conjurations   | 1 2 3 |  3.6
Spellcasting   | 3 4 5 6 |  6.0
Fire Magic     | 3 4 |  4.4
Translocations | 1 2 3 |  3.0
Evocations     | 1 2 3 |  3.0
Dodging        | |  1.5
Stealth        | |  1.5

Action                     |  1- 3 |  4- 6 |  7- 9 || total
---------------------------+-------+-------+-------++-------
  Melee: Unarmed           |    36 |       |       ||    36
         Dagger            |    28 |     5 |       ||    33
         Staff             |       |    20 |    10 ||    30
   Cast: Foxfire           |    19 |     1 |     1 ||    21
         Scorch            |    32 |    65 |    33 ||   130
    Use: Scroll            |     3 |     4 |       ||     7
 Armour: Robe              |    20 |    14 |    18 ||    52
  Dodge: Dodged            |    66 |    52 |    33 ||   151

Table legend: (Time is in decaauts)
 A = Elapsed time spent in this place.
 B = Non-inter-level travel time spent in this place.
 C = Inter-level travel time spent in this place.
 D = Time resting spent in this place.
 E = Time spent auto-exploring this place.
 F = Levels seen in this place.
 G = Mean time per level.
                   A        B        C        D        E       F      G
               +--------+--------+--------+--------+--------+-----+--------+
         Total |   6015 |   5812 |    203 |   1557 |   3335 |   7 |  859.3 |
       Dungeon |   5527 |   5357 |    170 |   1455 |   2999 |   6 |  921.2 |
        Temple |    487 |    454 |     33 |    102 |    336 |   1 |  487.0 |
               +--------+--------+--------+--------+--------+-----+--------+

Top non-repeatable levels by time:
     D:5: 1452 daAuts
     D:3: 1075 daAuts
     D:4: 1008 daAuts
     D:1: 863 daAuts
     D:2: 696 daAuts
  Temple: 487 daAuts
     D:6: 430 daAuts
